 Dungeon Crawl Stone Soup version 0.30.0-29-ga12c61a403 (webtiles) character file.

Game seed: 11889586567100495839

551 javelincjr the Ducker (level 7, -1/45 HPs)
             Began as a Djinni Conjurer on June 12, 2023.
             Killed by divine providence
             ... invoked by an orc priest
              (15 damage)
             ... on level 4 of the Dungeon.
             The game lasted 00:10:36 (2880 turns).

javelincjr the Ducker (Djinni Conjurer)             Turns: 2880, Time: 00:10:37

Health: -1/45      AC:  6    Str:  6    XL:     7   Next: 54%
Gold:   89         EV: 13    Int: 21    God:
                   SH:  0    Dex: 12

rFire   + + .        q - +2 dagger (drain)
rCold   x . .        (no shield)
rNeg    . . .        i - +1 animal skin
rPois   ∞            j - +0 helmet
rElec   .            v - +0 cloak
rCorr   .            h - +0 pair of gloves
SInv    .            (boots unavailable)
Will    .....        (no amulet)
Stlth   ++           (no ring)
HPRegen 0.27/turn    (no ring)
MPRegen 0.00/turn

%: infuse magic (-2 HP)
@: flying
A: sickness immunity, fire resistance 2, cold vulnerability 1, float, innate
caster, HP casting, extra vitality 1
a: no special abilities


You were on level 4 of the Dungeon.
You visited 1 branch of the dungeon, and saw 4 of its levels.

You collected 89 gold pieces.

Inventory:

Hand Weapons
 b - a +2 dagger of pain
 o - a +3 dagger of freezing
 q - a +2 dagger of draining (weapon)
Armour
 a - a +0 robe
 h - a +0 pair of gloves (worn)
 i - a +1 animal skin (worn)
 j - a +0 helmet (worn)
 v - a +0 cloak (worn)
Jewellery
 e - a +6 ring of dexterity
Scrolls
 p - a scroll of acquirement {unknown}
 s - a scroll of silence
 u - a scroll of identify {unknown}
Potions
 c - a potion of attraction {unknown}
 d - 2 potions of flight {unknown}
 f - 3 potions of lignification {unknown}
 g - a potion of berserk rage {unknown}
 k - a potion of haste {unknown}
 l - a potion of degeneration {unknown}
 m - 2 potions of curing {unknown}
 n - a potion of mutation {unknown}
 r - a potion of cancellation {unknown}
 t - a potion of ambrosia {unknown}


   Skills:
 + Level 5.1 Dodging
 + Level 4.2 Stealth
 + Level 4.6 Spellcasting


You knew the following spells:

 Your Spells              Type           Power      Damage    Failure   Level
a - Magic Dart            Conj           96%        1d7       1%          1
b - Searing Ray           Conj           48%        2d6       2%          2
c - Dazzling Flash        Conj/Hex       48%        N/A       4%          3
d - Fulminant Prism       Conj/Hex       12%        3d9       16%         4
e - Iskenderun's Mystic   Conj/Tloc      24%        2d7       16%         4
f - Necrotise             Necr           96%        1d8       1%          1
g - Poisonous Vapours     Pois/Air       48%        N/A       2%          2
h - Volatile Blastmotes   Fire/Tloc      48%        2d14      4%          3
Your spell library was empty.

Dungeon Overview and Level Annotations

Branches:
Dungeon (4/15)
 Temple: D:4-7

Altars:

Annotations:
D:2 Natasha


Innate Abilities, Weirdness & Mutations

You are immune to sickness and miasma.
You are immune to poison.
Your flesh is very heat resistant. (rF++)
You are vulnerable to cold. (rC-)
You float through the air rather than walking.
You learn spells naturally, not from books.
Your magical power is your life essence.
You have superior vitality. (+4 MHP)


Message History

Casting: Fulminant Prism (quite dangerous; 16% risk of failure)
Confirm with . or Enter, or press ? or * to list all spells.
Okay, then.
The kobold throws a poisoned dart.
The poisoned dart closely misses you.
The orc priest looks satisfied for a moment.
Casting: Fulminant Prism (quite dangerous; 16% risk of failure)
Confirm with . or Enter, or press ? or * to list all spells.
A cloud of volatile blastmotes flares up around you!
The orc priest mumbles some strange prayers to Beogh against you.
You struggle to resist.
The orc priest casts a cantrip, but nothing happens.
The kobold throws a poisoned dart.
The poisoned dart barely misses you.
You see here a scorpion corpse.
The adder attacks as you move away! The adder barely misses you.
The orc priest calls down the wrath of Beogh upon you.
Beogh smites you!
Casting: Volatile Blastmotes (dangerous; 4% risk of failure)
Confirm with . or Enter, or press ? or * to list all spells.
The spell is quite dangerous to miscast (16% risk of failure)!
Continue anyway? [Y]es or [N]o only, please.
The spell is quite dangerous to miscast (16% risk of failure)!
Continue anyway? [Y]es or [N]o only, please.
The spell is quite dangerous to miscast (16% risk of failure)!
Continue anyway? [Y]es or [N]o only, please.
The spell is quite dangerous to miscast (16% risk of failure)!
Continue anyway?
You erupt in a blast of force!
The mystic blast hits the adder!
The adder is severely wounded.
The adder is knocked back by the mystic blast.
You hear a howl!
The cloud of blastmotes explodes!
The concussive blast engulfs the kobold.
The kobold is severely wounded.
The orc priest begins to cast a cantrip, but forgets the words!
The orc priest begins to cast a cantrip, but forgets the words!
The orc priest hits you with a +0 club.
There is a stone staircase leading up here.
The adder bites you but does no damage. The orc priest closely misses you.
The orc priest invokes the aid of Beogh against you.
Beogh smites you!
You die...

...#.##....)....#.)......
#..#......####).o........
##......o.........##.....
#..#...†........###......
#......o.........##......
........K....#......)# ..
..#.......#..##.....## .
. #.#...So#..###...##
###...@###.##....###.g
#...^†....#.#.†.....
##..................
##..#.......#......
######.....##....#
##.#### ..### ### .#.. .


You could see 2 orc priests, an adder, an orc and a kobold.

Vanquished Creatures
  Sigmund (D:4)
  A centaur (D:3)
  2 scorpions (D:4)
  2 orc wizards (D:3)
  Natasha (D:2)
  Robin (D:2)
  2 adders
  A worm (D:2)
  A dart slug (D:1)
  6 orcs
  11 ball pythons
  4 endoplasms
  4 giant cockroaches
  18 goblins
  6 hobgoblins
  2 jackals (D:2)
  6 kobolds
  2 quokkas
  4 bats
  2 frilled lizards (D:1)
  4 rats (D:1)
81 creatures vanquished.

Notes
Turn   | Place    | Note
-------+----------+-------------------------------------------
     0 | D:1      | javelincjr the Djinni Conjurer began the quest for the Orb.
     0 | D:1      | javelincjr set off with the following spells memorised:
                  | Magic Dart, Searing Ray, Dazzling Flash, Fulminant Prism,
                  | Iskenderun's Mystic Blast.
     0 | D:1      | Reached XP level 1. HP: 15/15 MP: 0/0
   143 | D:1      | Reached XP level 2. HP: 16/21 MP: 0/0
   477 | D:1      | Reached XP level 3. HP: 22/25 MP: 0/0
   477 | D:1      | Learned a level 1 spell: Necrotise
   928 | D:2      | Reached skill level 3 in Dodging
   962 | D:2      | Noticed Robin
  1047 | D:2      | Killed Robin
  1048 | D:2      | Reached XP level 4. HP: 27/31 MP: 0/0
  1158 | D:2      | Noticed Natasha
  1165 | D:2      | Killed Natasha
  1297 | D:2      | Reached XP level 5. HP: 23/35 MP: 0/0
  1297 | D:2      | Learned a level 2 spell: Poisonous Vapours
  1612 | D:2      | Noticed Natasha
  2513 | D:3      | Noticed a centaur
  2520 | D:3      | Killed a centaur
  2521 | D:3      | Reached skill level 4 in Dodging
  2521 | D:3      | Reached XP level 6. HP: 21/40 MP: 0/0
  2800 | D:4      | Reached XP level 7. HP: 39/45 MP: 0/0
  2800 | D:4      | Learned a level 3 spell: Volatile Blastmotes
  2855 | D:4      | Noticed Sigmund
  2869 | D:4      | Killed Sigmund
  2870 | D:4      | Reached skill level 5 in Dodging
  2880 | D:4      | Killed from afar by an orc priest

Illustrated notes

Levels and vault maps discovered:
D:1:      zaba_arrival_water, layout_loops_ring
D:2:      layout_rooms, nicolae_hexahallways,
          amcnicky_mini_rare_corridor_liquid, kennysheep_generic_room_3,
          uniq_robin, uniq_natasha
D:3:      layout_basic, serial_curves, eino_curves_01, eino_curves_04,
          eino_curves_04, eino_curves_03, mrwooster_statue_mirror,
          chequers_serial_rivers_small_b
D:4:      layout_cave_pools, enter_ossuary_2, minmay_fractal_squares_gapless_5,
          uniq_sigmund, uniq_ijyb

Skill      XL: |  1  2  3  4  5  6  7 |
---------------+----------------------+-----
Stealth        | 2 3 4 |  4.2
Dodging        | 3 4 5 |  5.1
Spellcasting   | 4 |  4.6

Action                     |  1- 3 |  4- 6 |  7- 9 || total
---------------------------+-------+-------+-------++-------
  Melee: Dagger            |     7 |    38 |       ||    45
   Cast: Magic Dart        |    61 |    24 |       ||    85
         Searing Ray       |     4 |    11 |     2 ||    17
         Poisonous Vapours |       |     3 |       ||     3
         Volatile Blastmot |       |       |     4 ||     4
         Iskenderun's Myst |       |       |     1 ||     1
    Use: Scroll            |       |     2 |       ||     2
   Stab: Sleeping          |       |     3 |       ||     3
 Armour: Robe              |     2 |     1 |       ||     3
         Animal skin       |       |     8 |     2 ||    10
  Dodge: Dodged            |    12 |    39 |     9 ||    60
